 Dungeon Crawl Stone Soup version 0.29.0-4-gdea44cf6ec (webtiles) character file.

Game seed: 14023428404156208765

46 qw the Sneak (level 3, 0/28 HPs)
             Began as a Ghoul Enchanter on Sept 5, 2022.
             Slain by a goblin
             ... wielding a +0 dagger
             ... led by Robin
              (1 damage)
             ... on level 2 of the Dungeon.
             The game lasted 00:00:40 (1120 turns).

qw the Sneak (Ghoul Enchanter)                      Turns: 1120, Time: 00:00:40

Health: 0/28       AC:  5    Str: 13    XL:     3   Next: 68%
Magic:  4/4        EV:  8    Int: 10    God:
Gold:   73         SH:  6    Dex:  9    Spells: 5/5 levels left

rFire   . . .      SeeInvis .     - Unarmed
rCold   + . .      Faith    .   d - +0 kite shield
rNeg    + + +      Spirit   .   f - +0 ring mail
rPois   inf        Reflect  .   (no helmet)
rElec   .          Harm     .   (no cloak)
rCorr   .          Rampage  .   (no gloves)
Will    .....                   (no boots)
Stlth   +.........              (no amulet)
HPRegen 0.00/turn               (no ring)
MPRegen 0.09/turn               (no ring)

@: inhibited regen
A: claws 1, cold resistance 1, negative energy resistance 3, inhibited
regeneration, torment resistance 2, devour on kill
a: no special abilities


You were on level 2 of the Dungeon.
You visited 1 branch of the dungeon, and saw 2 of its levels.

You collected 73 gold pieces.


Innate Abilities, Weirdness & Mutations

You are immune to poison.
You have sharp fingernails.
Your flesh is cold resistant. (rC+)
You are immune to negative energy. (rN+++)
You do not regenerate when monsters are visible.
You are immune to unholy pain and torment.
You thrive by killing the living.


   Skills:
 - Level 1.2 Fighting
 - Level 0.8 Short Blades
 - Level 1.7 Dodging
 - Level 3.2 Stealth
 - Level 1.0 Shields
 + Level 2.7 Unarmed Combat
 - Level 1.7 Spellcasting
 - Level 2.4 Hexes


You had 5 spell levels left.
You didn't know any spells.
Your spell library contained the following spells:

 Spells                   Type           Power      Damage    Failure   Level
 Ensorcelled Hibernation  Hex/Ice        6%         N/A       92%         2
 Confusing Touch          Hex            5%         N/A       95%         3
 Tukima's Dance           Hex            5%         N/A       95%         3
 Dazzling Flash           Conj/Hex       6%         N/A       99%         3

Inventory:

Armour
 d - a +0 kite shield (worn)
 f - a +0 ring mail (worn)
Scrolls
 b - a scroll of immolation {unknown}
 c - a scroll of blinking {unknown}
Potions
 a - a potion of flight {unknown}
 h - a potion of lignification {unknown}

Dungeon Overview and Level Annotations

Branches:
Dungeon (2/15)

Altars:


Message History

Robin throws the goblin at you!
You scratch Robin.
Robin is almost dead.
The goblin hits you but does no damage. The goblin closely misses you.
Robin hits you but does no damage. You block the goblin's attack.
The goblin barely misses you. The goblin closely misses you.
Robin hits you but does no damage.
The goblin shouts!
You scratch Robin.
You kill Robin!
The goblin closely misses you. The goblin hits you with a +0 club.
You closely miss the goblin. You block the goblin's attack.
The goblin hits you with a +0 dagger. The goblin hits you but does no damage.
The goblin hits you with a +0 club.
You scratch the goblin.
The goblin is moderately wounded.
The goblin no longer looks unusually strong.
The goblin hits you but does no damage. You block the goblin's attack.
The goblin completely misses you. The goblin barely misses you.
You scratch the goblin.
You kill the goblin!
You feel better. The goblin hits you but does no damage.
The goblin hits you with a +0 dagger. You block the goblin's attack.
1115 ||| Stepping ~*~*~tactically~*~*~ (outnumbered).
The goblin no longer looks unusually strong.
The goblin hits you but does no damage.
Things that are here:
a +0 dagger; a +2 vorpal sling; a goblin corpse
1116 ||| Stepping ~*~*~tactically~*~*~ (outnumbered).
You completely miss the goblin. The goblin hits you with a +0 dagger.
You closely miss the goblin. The goblin hits you with a +0 dagger.
You claw the goblin!
You kill the goblin!
The goblin no longer looks unusually strong.
1120 ||| Stepping ~*~*~tactically~*~*~ (outnumbered).
The goblin hits you with a +0 dagger.
You die...

.....##. #.# ...#.# .
### #. #.####..#
###.#
#.#####.##..........
.......)##.####..##.#
#.#####.............#
#.#.###.###.#..
#.#.#.g...#
#.###.#.#.###.#..
#...@ggg).)......
#..###.#)#.###..g.
.....#...#.#... .. #
..#.###.###.# ... ...
... ... ##.## ### #.#
... #. ... ...


You could see a hobgoblin (strong) and 3 goblins.

Vanquished Creatures
  Robin (D:2)
  A dart slug (D:1)
  4 endoplasms
  A giant cockroach (D:1)
  9 goblins
  2 hobgoblins (D:2)
  3 jackals
  A kobold (D:1)
  2 quokkas
  A bat (D:2)
  A frilled lizard (D:1)
  2 rats
28 creatures vanquished.

Notes
Turn   | Place    | Note
-------+----------+-------------------------------------------
     0 | D:1      | qw the Ghoul Enchanter began the quest for the Orb.
     0 | D:1      | Reached XP level 1. HP: 14/14 MP: 2/2
     0 | D:1      | 0 ||| qw: Version: 0.1-a-104-g96f76f8
     0 | D:1      | 0 ||| qw: Game counter: 5819
     0 | D:1      | 0 ||| qw: Always use a shield: true
     0 | D:1      | 0 ||| qw: God list: Okawaru
     0 | D:1      | 0 ||| qw: Allow faded altars: false
     0 | D:1      | 0 ||| qw: Do Orc after D:15 true
     0 | D:1      | 0 ||| qw: Do second Lair branch before Depths: true
     0 | D:1      | 0 ||| qw: Lair rune preference: random
     0 | D:1      | 0 ||| qw: Plans: Normal
     0 | D:1      | 0 ||| PLANNING D:1-11
     1 | D:1      | 1 ||| DROPPING +1 dagger.
    34 | D:1      | 34 ||| Stepping ~*~*~tactically~*~*~ (stealth).
    37 | D:1      | 37 ||| Stepping ~*~*~tactically~*~*~ (stealth).
    39 | D:1      | 39 ||| Stepping ~*~*~tactically~*~*~ (stealth).
    47 | D:1      | Reached skill level 1 in Unarmed Combat
   188 | D:1      | Reached skill level 1 in Fighting
   188 | D:1      | Reached XP level 2. HP: 12/23 MP: 3/3
   542 | D:1      | Found a faded altar of an unknown god.
   617 | D:1      | 617 ||| UPGRADING to +0 kite shield.
   622 | D:1      | 622 ||| UPGRADING to +0 ring mail.
   632 | D:1      | 632 ||| DROPPING +0 robe.
   633 | D:1      | 633 ||| READING scroll labelled KAT ESTUNANOX.
   634 | D:1      | 634 ||| READING scroll labelled CYHYGG UPPODEFIXO.
   637 | D:1      | 637 ||| DROPPING 2 potions of invisibility.
   647 | D:2      | 647 ||| STAIRDANCE
   659 | D:2      | 659 ||| STAIRDANCE
   763 | D:2      | 763 ||| STAIRDANCE
   980 | D:2      | Reached skill level 1 in Shields
   982 | D:2      | 982 ||| Stepping ~*~*~tactically~*~*~ (stealth).
   984 | D:2      | 984 ||| Stepping ~*~*~tactically~*~*~ (stealth).
   986 | D:2      | 986 ||| Stepping ~*~*~tactically~*~*~ (stealth).
   996 | D:2      | 996 ||| Stepping ~*~*~tactically~*~*~ (stealth).
   998 | D:2      | 998 ||| Stepping ~*~*~tactically~*~*~ (stealth).
  1000 | D:2      | Reached XP level 3. HP: 28/28 MP: 4/4
  1057 | D:2      | 1057 ||| Stepping ~*~*~tactically~*~*~ (stealth).
  1060 | D:2      | 1060 ||| Stepping ~*~*~tactically~*~*~ (stealth).
  1069 | D:2      | 1069 ||| Stepping ~*~*~tactically~*~*~ (outnumbered).
  1070 | D:2      | 1070 ||| Stepping ~*~*~tactically~*~*~ (outnumbered).
  1071 | D:2      | 1071 ||| Stepping ~*~*~tactically~*~*~ (hiding).
  1093 | D:2      | Noticed Robin
  1094 | D:2      | 1094 ||| Stepping ~*~*~tactically~*~*~ (stealth).
  1106 | D:2      | HP: 6/28 [goblin/+0 club[Robin] (2)]
  1111 | D:2      | Killed Robin
  1111 | D:2      | HP: 5/28 [goblin/+0 club[Robin] (1)]
  1112 | D:2      | HP: 2/28 [goblin/+0 club[Robin] (1)]
  1115 | D:2      | 1115 ||| Stepping ~*~*~tactically~*~*~ (outnumbered).
  1116 | D:2      | 1116 ||| Stepping ~*~*~tactically~*~*~ (outnumbered).
  1117 | D:2      | HP: 2/28 [goblin/+0 dagger[Robin] (1)]
  1120 | D:2      | 1120 ||| Stepping ~*~*~tactically~*~*~ (outnumbered).
  1120 | D:2      | Slain by a goblin

Levels and vault maps discovered:
D:1:      dpeg_arrival_pits, layout_rooms, chequers_ecumenical_altar_lobes
D:2:      layout_loops_ring, minmay_misc_feat_roman, minmay_lizard_pond,
          uniq_natasha, uniq_crazy_yiuf_cottage, uniq_robin

Skill      XL: |  1  2  3 |
---------------+----------+-----
Unarmed Combat | 1 2 |  2.7
Fighting       | 1 |  1.2
Shields        | 1 |  1.0
Short Blades   | |  0.8
Dodging        | |  1.7
Stealth        | |  3.2
Spellcasting   | |  1.7
Hexes          | |  2.4

Action                   || total
-------------------------++-------
Melee: Unarmed           ||   141
  Use: Scroll            ||     2
Armor: Robe              ||     5
       Ring mail         ||    54
Dodge: Dodged            ||    63
Block: Kite shield       ||    51

Table legend:
 A = Non-vault XP
 B = Vault XP
 C = Vault XP percentage of total XP
 D = Non-vault monster count
 E = Vault monster count
 F = Vault count percentage of total count
                 A         B        C        D         E       F
            +---------+---------+-------+---------+---------+-------
      Total |      36 |      31 |  46.3 |      19 |       9 |  32.1
            +---------+---------+-------+---------+---------+-------
        D:1 |      22 |       0 |   0.0 |      11 |       0 |   0.0
        D:2 |      14 |      31 |  68.9 |       8 |       9 |  52.9
            +---------+---------+-------+---------+---------+-------
